 Dungeon Crawl Stone Soup version 0.29.1-15-g9cfb28693d (webtiles) character file.

Game seed: 4252702265225747021

50 Peloso the Trooper (level 3, -1/34 HPs)
             Began as a Minotaur Fighter on Mar 31, 2023.
             Slain by a gnoll
             ... wielding a +0 halberd
              (12 damage)
             ... on level 2 of the Dungeon.
             The game lasted 00:02:47 (1386 turns).

Peloso the Trooper (Minotaur Fighter)               Turns: 1386, Time: 00:02:48

Health: -1/34      AC:  7    Str: 20    XL:     3   Next: 55%
Magic:  2/2        EV:  8    Int:  5    God:
Gold:   84         SH:  8    Dex: 11    Spells: 2/2 levels left

rFire   . . .      SeeInvis .   a - +0 long sword
rCold   . . .      Faith    .   d - +0 kite shield
rNeg    . . .      Spirit   .   b - +0 scale mail
rPois   .          Reflect  .   (helmet restricted)
rElec   .          Harm     .   (no cloak)
rCorr   .          Rampage  .   (no gloves)
Will    .....                   (no boots)
Stlth   ..........              (no amulet)
HPRegen 0.11/turn               (no ring)
MPRegen 0.08/turn               (no ring)

@: no status effects
A: horns 2, retaliatory headbutt
a: no special abilities


You were on level 2 of the Dungeon.
You visited 1 branch of the dungeon, and saw 2 of its levels.

You collected 84 gold pieces.

Inventory:

Hand Weapons
 a - a +0 long sword (weapon)
Missiles
 m - 2 throwing nets (quivered)
Armour
 b - a +0 scale mail (worn)
 c - a +0 buckler
 d - a +0 kite shield (worn)
Jewellery
 g - an amulet of faith
 h - an amulet of magic regeneration
Scrolls
 e - 2 scrolls of identify
 f - a scroll of magic mapping
 i - a scroll of butterflies {unknown}
 l - a scroll of enchant armour {unknown}
Potions
 k - a potion of might


   Skills:
 + Level 4.3 Fighting
 + Level 2.8 Long Blades
 + Level 4.3 Armour
 + Level 0.5 Dodging
 + Level 4.0 Shields


You had 2 spell levels left.
You didn't know any spells.
Your spell library was empty.

Dungeon Overview and Level Annotations

Branches:
Dungeon (2/15)

Altars:
Wu Jian


Innate Abilities, Weirdness & Mutations

You have a pair of horns on your head.
You reflexively headbutt those who attack you in melee.


Message History

You closely miss the gnoll.
You headbutt the gnoll, but do no damage.
You block the gnoll's attack.
You barely miss the gnoll. The gnoll hits you with a +0 halberd!
You block the gnoll's attack.
You closely miss the gnoll. The gnoll barely misses you.
You barely miss the gnoll. You block the gnoll's attack.
The gnoll closely misses you.
You hit the gnoll. Your headbutt misses the gnoll.
The gnoll is lightly wounded.
You block the gnoll's attack.
You hit the gnoll.
The gnoll is moderately wounded.
You block the gnoll's attack.
You closely miss the gnoll.
The gnoll is moderately wounded.
The gnoll closely misses you. The gnoll hits you with a +0 halberd.
You hit the gnoll but do no damage. Your headbutt misses the gnoll.
The gnoll is moderately wounded.
You block the gnoll's attack.
You hit the gnoll but do no damage. Your headbutt misses the gnoll.
The gnoll is moderately wounded.
The gnoll barely misses you. The gnoll hits you with a +0 halberd.
You hit the gnoll but do no damage.
The gnoll is moderately wounded.
The gnoll closely misses you.
You slash the gnoll!
The gnoll is almost dead.
You block the gnoll's attack.
You closely miss the gnoll.
The gnoll is almost dead.
The gnoll hits you with a +0 halberd! The gnoll closely misses you.
You hit the gnoll but do no damage.
The gnoll is almost dead.
You block the gnoll's attack.
You hit the gnoll but do no damage.
You headbutt the gnoll, but do no damage.
The gnoll is almost dead.
The gnoll hits you with a +0 halberd!
You die...

##..## .## ........
.....## ...... ##
........ .....<. ...#..
#. ....#... .........
.....#####. #####...
.....####
##.........##...## ##..
.....# #........
.......## #.. .....#
##.......# #.......#
#.. ###### .......g.#
#.......# #..
##.....@.# #.......#
#.# .........####.....#
#.#
.#.......)..#..>..##
#.# #.......##........#
#.#
#.......##<....†..###.#
###########..!.........
##.....#.....
##...##.....
######.....


You could see a gnoll.

Vanquished Creatures
  An adder (D:2)
  4 ball pythons
  2 bats
  An endoplasm (D:1)
  A giant cockroach (D:1)
  3 goblins (D:2)
  5 hobgoblins
  2 jackals (D:2)
  5 quokkas
  11 frilled lizards
  2 kobolds
  3 rats
40 creatures vanquished.

Vanquished Creatures (others)
  7 plants (D:1)
7 creatures vanquished.

Grand Total: 47 creatures vanquished

Notes
Turn   | Place    | Note
-------+----------+-------------------------------------------
     0 | D:1      | Peloso the Minotaur Fighter began the quest for the Orb.
     0 | D:1      | Reached XP level 1. HP: 19/19 MP: 0/0
   348 | D:1      | Reached XP level 2. HP: 27/27 MP: 1/1
   930 | D:1      | Found a faded altar of an unknown god.
  1108 | D:2      | Reached XP level 3. HP: 29/33 MP: 2/2
  1189 | D:2      | Found an ornate altar of the Wu Jian Council.
  1274 | D:2      | Identified the +3 chain mail of Fun {Contam Harm rElec
                  | rPois}
  1386 | D:2      | Slain by a gnoll

Illustrated notes

Levels and vault maps discovered:
D:1:      onia_arrival_mini_spirals, layout_loops_corners,
          shapermc_ecumenical_altar_mp_urbaneastern, minmay_lizard_king
D:2:      layout_rooms, basic_altar, nicolae_kite_square_tiling_tiny

Skill      XL: |  1  2 |
---------------+-------+-----
Shields        | 4 |  4.0
Armour         | 4 |  4.3
Fighting       | 4 |  4.3
Long Blades    | |  2.8
Dodging        | |  0.5

Action                   || total
-------------------------++-------
Melee: Long sword        ||    99
       Headbutt          ||    12
  Use: Scroll            ||     4
Armor: Scale mail        ||    43
Dodge: Dodged            ||    59
Block: Buckler           ||     9
       Kite shield       ||    27
